 Dungeon Crawl Stone Soup version 0.17-a0-1399-gd5b76e1 (webtiles) character file.

115 ololoev the Cudgeler (level 4, -4/33 HPs)
             Began as a Mummy Skald on June 17, 2015.
             Slain by a worker ant (5 damage)
             ... on level 2 of the Dungeon on June 18, 2015.
             The game lasted 00:06:53 (2586 turns).

ololoev the Cudgeler (Mummy Skald)                  Turns: 2586, Time: 00:06:53

Health: -4/33      AC:  4    Str: 16    XL:     4   Next: 68%
Magic:  3/7        EV: 11    Int: 11    God:
Gold:   85         SH:  0    Dex: 11    Spells: 2 memorised, 4 levels left

rFire  x . .     SeeInvis .     l - +0 whip
rCold  + . .     Clarity  .     b - +0 leather armour
rNeg   + + +     SustAt   .     (no shield)
rPois  ∞         Gourm    .     (no helmet)
rElec  .         Spirit   .     (no cloak)
rCorr  .         Warding  .     f - +0 pair of gloves (curse)
rMut   .         Stasis   .     (no boots)
MR     .....                    (no amulet)
Stlth  +.........               (no ring)
                                (no ring)

@: infused, not resistant to hostile enchantments, very unstealthy
A: no food or potions, fire vulnerability, cold resistance 1, negative energy
resistance 3, torment resistance, unbreathing
a: no special abilities


Innate Abilities, Weirdness & Mutations

You do not eat or drink.
Your flesh is vulnerable to fire.
You are immune to poison.
Your flesh is cold resistant.
You are immune to negative energy.
You are immune to unholy pain and torment.
You can survive without breathing.

Inventory:

Hand weapons
 l - a +0 whip (weapon)
Missiles
 d - 2 throwing nets (quivered)
Armour
 b - a +0 leather armour (worn)
 f - a cursed +0 pair of gloves (worn)
Scrolls
 e - a scroll of noise {unknown}
 g - 3 scrolls of identify {unknown}
 h - a scroll of random uselessness {unknown}
 i - a scroll of remove curse {unknown}
 j - a scroll of enchant weapon {unknown}
 k - a scroll of fear {unknown}
Books
 c - a book of Battle

   Spells                             Type                      Level
   a - Infusion                       Charms                       1
   b - Shroud of Golubria             Charms/Translocation         2
   c - Song of Slaying                Charms                       2
   d - Spectral Weapon                Hexes/Charms                 3
   e - Regeneration                   Charms/Necromancy            3


   Skills:
 - Level 2.0 Fighting
 + Level 4.1 Maces & Flails
 - Level 0.7 Armour
 - Level 0.7 Dodging
 - Level 2.0 Spellcasting
 - Level 2.4 Charms


You had 4 spell levels left.
You knew the following spells:

 Your Spells              Type           Power        Failure   Level  Hunger
a - Infusion              Chrm           #.....       17%         1    N/A
b - Song of Slaying       Chrm           #.......     24%         2    N/A


You were on level 2 of the Dungeon.
You were not hungry.

You visited 1 branch of the dungeon, and saw 2 of its levels.

You collected 85 gold pieces.

##.#.# #....# #...... ...#.#
#....# #...... ######..#.# #....#
####### .<...#..#.# #....#
#.##%#..#.# #....# #######
#.#.....#.# #....# #......
#.#..#.##÷# #....# #......
..#..#....########....#####......
#.#............a@................
#.#..#####.....###....#.###....(.
..#..# #.....# #...............
....#####....a###....)....######
#.#...............a....[!..#
..########.....##.....%....#####
#.....##..##..........#
#.....###.##..........# #.....#
#.##..........#

Notes
Turn   | Place    | Note
--------------------------------------------------------------
     0 | D:1      | ololoev the Mummy Skald began the quest for the Orb.
     0 | D:1      | Reached XP level 1. HP: 16/16 MP: 3/3
   106 | D:1      | Reached XP level 2. HP: 19/22 MP: 5/5
   372 | D:1      | Learned a level 2 spell: Song of Slaying
  1020 | D:1      | Reached XP level 3. HP: 23/27 MP: 6/6
  1304 | D:2      | Reached skill level 3 in Maces & Flails
  1548 | D:2      | Noticed Natasha
  1563 | D:2      | HP: 1/27 [Natasha (4)]
  1565 | D:2      | Killed Natasha
  1565 | D:2      | Reached XP level 4. HP: 1/33 MP: 4/7
  1777 | D:2      | Noticed Natasha
  1784 | D:2      | Killed Natasha
  1800 | D:2      | Noticed Natasha
  1808 | D:2      | Killed Natasha
  2052 | D:2      | Upgraded the game from 0.17-a0-1397-g0eee0a3 to 0.17-a0-1399-gd5b76e1
  2407 | D:2      | Reached skill level 4 in Maces & Flails
  2584 | D:2      | HP: 1/33 [worker ant (6)]
  2586 | D:2      | Slain by a worker ant

Dungeon Overview and Level Annotations

Branches:
Dungeon (2/15)

Altars:


Message History

You hit the worm.
You kill the worm!
You are no longer magically infusing your attacks.
You see here a worm corpse.
You start resting.
Your magical contamination has completely faded away.
You start resting.
Your song is almost over.
You start resting.
A worker ant comes into view.
Your song has ended.
Casting: Song of Slaying
Confirm with . or Enter, or press ? or * to list all spells.
You begin infusing your attacks with magical energy.
You barely miss the worker ant.
The worker ant bites you but does no damage.
You hit the worker ant but do no damage.
The worker ant barely misses you.
You hit the worker ant.
The worker ant is lightly wounded.
The worker ant bites you.
You closely miss the worker ant.
The worker ant is lightly wounded.
The worker ant bites you.
You hit the worker ant but do no damage.
The worker ant is lightly wounded.
The worker ant bites you!
You hit the worker ant.
The worker ant is lightly wounded.
The worker ant bites you!
You hit the worker ant.
The worker ant is moderately wounded.
The worker ant barely misses you. The worker ant bites you.
You hit the worker ant.
The worker ant is moderately wounded.
The worker ant closely misses you.
You hit the worker ant.
The worker ant is heavily wounded.
The worker ant bites you.
You die...

You could see a worker ant.

Vanquished Creatures
  Natasha (thrice) (D:2)
  4 adders (D:2)
  A worm (D:2)
  2 ball pythons (D:1)
  3 giant cockroaches
  7 hobgoblins
  6 jackals
  5 kobolds
  A quokka (D:2)
  4 bats (D:1)
  A giant newt (D:1)
  4 goblins (D:1)
  4 rats
45 creatures vanquished.

Action                   |  1- 3 |  4- 6 || total
-------------------------+-------+-------++-------
Melee: Mace              |   113 |    14 ||   127
       Whip              |       |    61 ||    61
 Cast: Infusion          |     3 |     6 ||     9
       Song of Slaying   |     1 |     2 ||     3

Vault maps used:
D:1:      saegor_arrival_miasma, minivault_25, st_stairs_5, hex_tiny,
          fountainhead
D:2:      nicolae_overflow_hidden_temple, uniq_natasha
